 Dungeon Crawl Stone Soup version 0.18-a0-1800-gdc7a371 (webtiles) character file.

23 Murumi the Slasher (level 3, -1/29 HPs)
             Began as a Formicid Abyssal Knight on Apr 24, 2016.
             Was a Follower of Lugonu.
             Slain by a gnoll
             ... wielding a +0 flail
              (8 damage)
             ... on level 1 of the Dungeon.
             The game lasted 00:02:02 (719 turns).

Murumi the Slasher (Formicid Abyssal Knight)         Turns: 719, Time: 00:02:02

Health: -1/29      AC:  4    Str: 17    XL:     3   Next: 10%
Magic:  4/4        EV: 11    Int: 16    God:    Lugonu [*.....]
Gold:   9          SH:  0    Dex: 10    Spells: 0 memorised, 2 levels left

rFire  . . .     SeeInvis +     a - +1 falchion
rCold  . . .     Gourm    .     e - +1 leather armour (curse)
rNeg   . . .     Faith    .     (no shield)
rPois  .         Spirit   .     (helmet unavailable)
rElec  .         Dismiss  .     (no cloak)
rCorr  .         Reflect  .     (no gloves)
SustAt .         Harm     .     (no boots)
MR     .....                    (no amulet)
Stlth  +.........               (no ring)
                                (no ring)

@: brilliant, not resistant to hostile enchantments, very unstealthy
A: permanent stasis, dig shafts and tunnels, four strong arms, antennae 3
a: Dig, Shaft Self, Depart the Abyss, Renounce Religion


You were on level 1 of the Dungeon.
You worshipped Lugonu.
Lugonu was aware of your devotion.
You were not hungry.

You visited 1 branch of the dungeon, and saw 1 of its levels.
You visited the Abyss 1 time.

You collected 9 gold pieces.

Inventory:

Hand Weapons
 a - a +1 falchion (weapon)
Armour
 e - a cursed +1 leather armour (worn)
Comestibles
 c - 2 bread rations
 f - a slice of pizza
 g - 2 chunks of flesh


   Skills:
 - Level 3.2 Fighting
 + Level 3.3 Long Blades
 - Level 2.1 Armour
 - Level 1.0 Dodging
 - Level 2.1 Invocations


You had 2 spell levels left.
You didn't know any spells.

Dungeon Overview and Level Annotations

Branches:
Dungeon (1/15)

Altars:


Innate Abilities, Weirdness & Mutations

You are under a permanent stasis effect.
You can dig through walls and to a lower floor.
Your four strong arms can wield two-handed weapons with a shield.
You have a pair of large antennae on your head (SInv).


Message History

The gnoll is moderately wounded.
The gnoll hits you with a flail!
A hobgoblin comes into view. It is wielding a club.
You hit the gnoll.
The gnoll is heavily wounded.
The gnoll hits you with a flail!
* * * LOW HITPOINT WARNING * * *
Drink which item? (? for menu, Esc to quit)
It was a potion of curing.
You feel better. The gnoll hits you with a flail.
* * * LOW HITPOINT WARNING * * *
Drink which item? (? for menu, Esc to quit)
It was a potion of brilliance.
You feel clever all of a sudden. The gnoll barely misses you.
You are too injured to fight recklessly!
You are too injured to fight recklessly!
You hit the gnoll.
The gnoll is almost dead.
The gnoll hits you with a flail!
You die...

#.##.##.#####.##
#.##.##.#.....#
.....##.#.#####
..........# ###
###.###.#.# #.. #
#.# #.#.# #.## #
#.###.#.# #g.
###.......# #g#
........#.######@#
######...........#
#######..........#
..........########
###########


You could see a gnoll and a hobgoblin.

Vanquished Creatures
  A dart slug (D:1)
  A giant gecko (D:1)
  A bat (D:1)
  A giant cockroach (D:1)
  3 goblins (D:1)
  A hobgoblin (D:1)
  6 jackals (D:1)
  A giant newt (D:1)
  A kobold (D:1)
16 creatures vanquished.

Notes
Turn   | Place    | Note
--------------------------------------------------------------
     0 | Abyss:1  | Murumi the Formicid Abyssal Knight began the quest for the Orb.
     0 | Abyss:1  | Reached XP level 1. HP: 18/18 MP: 2/2
    86 | Abyss:1  | Noticed a rakshasa
    87 | D:1      | Escaped the Abyss
   130 | D:1      | Reached skill level 1 in Dodging
   264 | D:1      | Reached * piety under Lugonu
   264 | D:1      | Reached XP level 2. HP: 22/24 MP: 3/3
   511 | D:1      | Reached XP level 3. HP: 19/29 MP: 4/4
   716 | D:1      | HP: 1/29 [gnoll/flail (8)]
   719 | D:1      | Slain by a gnoll

Vault maps used:
D:1:      dpeg_arrival_solitude

Skill      XL: |  1  2 |
---------------+-------+-----
Dodging        | 1 |  1.0
Long Blades    | 3 |  3.3
Fighting       | |  3.2
Armour         | |  2.1
Invocations    | |  2.1

Action                   || total
-------------------------++-------
Melee: Falchion          ||    62
Invok: Depart the Abyss  ||     1
  Use: Scroll            ||     2
       Potion            ||     2
Armor: Leather armour    ||    14
Dodge: Dodged            ||    42
